 Dungeon Crawl Stone Soup version 0.31-a0-675-g238779eb0a (webtiles) character file.

Game seed: 2051896307373171513

336 MacCMillion the Chopper (level 6, 0/51 HPs)
             Began as a Ghoul Fighter on Sept 5, 2023.
             Slain by an ogre
             ... wielding a +0 giant club
              (15 damage)
             ... on level 5 of the Dungeon.
             The game lasted 00:03:55 (2583 turns).

MacCMillion the Chopper (Ghoul Fighter)             Turns: 2583, Time: 00:03:56

Health: 0/51       AC:  6    Str: 22    XL:     6   Next: 54%
Magic:  5/5        EV:  9    Int:  3    God:
Gold:   166        SH:  4    Dex:  8    Spells: 5/5 levels left

rFire   . . .        a - +0 war axe
rCold   + . .        c - +0 buckler
rNeg    + + +        b - +0 scale mail
rPois   ∞            (no helmet)
rElec   .            (no cloak)
rCorr   .            (no gloves)
SInv    .            (no boots)
Will    .....        (no amulet) Stlth
                     (no ring)
HPRegen 0.00/turn    (no ring)
MPRegen 0.09/turn

%: no passive effects
@: inhibited regen
A: claws 1, cold resistance 1, negative energy resistance 3, inhibited
regeneration, torment resistance 2, devour on kill
a: no special abilities


You were on level 5 of the Dungeon.
You visited 1 branch of the dungeon, and saw 5 of its levels.

You collected 166 gold pieces.

Inventory:

Hand Weapons
 a - a +0 war axe (weapon)
Missiles
 g - 4 poisoned darts (quivered)
Armour
 b - a +0 scale mail (worn)
 c - a +0 buckler (worn)
Jewellery
 k - a ring of willpower
 r - a ring of see invisible
 s - an amulet of reflection
 t - an amulet of guardian spirit
Scrolls
 f - 2 scrolls of teleportation {unknown}
 h - 2 scrolls of amnesia {unknown}
 l - a scroll of immolation {unknown}
 m - a scroll of butterflies {unknown}
 o - 2 scrolls of identify {unknown}
 p - a scroll of torment {unknown}
 q - a scroll of acquirement {unknown}
 u - a scroll of enchant weapon {unknown}
Potions
 d - a potion of might
 e - a potion of lignification {unknown}
 i - 2 potions of attraction {unknown}
 j - 3 potions of curing {unknown}
 n - 2 potions of invisibility {unknown}


   Skills:
 - Level 3.2 Fighting
 + Level 5.3 Axes
 - Level 2.6 Armour
 - Level 4.0 Shields


You had 5 spell levels left.
You didn't know any spells.
Your spell library was empty.

Dungeon Overview and Level Annotations

Branches:
Dungeon (4/15)
 Temple: D:4-7

Altars:
Trog


Innate Abilities, Weirdness & Mutations

You are immune to poison.
You have sharp fingernails.
Your flesh is cold resistant. (rC+)
You are immune to negative energy. (rN+++)
You do not regenerate when monsters are visible.
You are immune to unholy pain and torment.
You thrive by killing the living.


Message History

The orc is moderately wounded.
The orc hits you with a +0 whip.
You closely miss the orc.
The orc is moderately wounded.
The orc hits you with a +0 whip.
You hit the orc.
The orc is almost dead.
You barely miss the orc. The orc hits you with a +0 flail.
The orc hits you with a +0 whip.
You hit the orc but do no damage.
The orc is almost dead.
You closely miss the orc. The orc hits you but does no damage.
You block the orc's attack.
You closely miss the orc.
The orc is almost dead.
You closely miss the orc. The orc barely misses you.
The orc hits you with a +0 whip. You block the orc's attack.
You slash the orc!
You kill the orc!
You feel better.
You hit the orc. You block the orc's attack.
You hit the orc.
You kill the orc!
The hound bites you but does no damage.
You hit the hound.
The hound is moderately wounded.
The hound bites you. The hound barely misses you.
You hit the hound.
The hound is moderately wounded.
The hound bites you. The hound bites you but does no damage.
You slash the hound!
You kill the hound!
You feel better. The orc hits you but does no damage.
You slash the orc!
You kill the orc!
You completely miss the ogre.
The ogre hits you with a +0 giant club!!
Ouch! That really hurt!
* * * LOW HITPOINT WARNING * * *
The ogre attacks as it pursues you! The ogre hits you with a +0 giant club!
You die...

######
#8...8...#
.###.#
##........#
...#.##
##.8......##
##....##
#.....8...#
#.....##
##)#......8#
#...##..##
##.)#.......#
#..####..###
##..##8.8...8#
..## ###..##
##O.###########
.# ##..####@.##
# ##..##..##
##.....#
##...## ##.##
#.# ###


You could see an ogre.

Vanquished Creatures
  A centaur (D:5)
  A scorpion (D:5)
  A jelly (D:5)
  A hound (D:5)
  Jessica (D:3)
  6 adders
  A worm (D:3)
  A dart slug (D:2)
  3 orcs (D:5)
  4 ball pythons
  6 endoplasms
  A giant cockroach (D:1)
  3 goblins
  3 hobgoblins
  6 quokkas
  4 bats
  5 frilled lizards
  6 kobolds
  4 rats
58 creatures vanquished.

Notes
Turn   | Place    | Note
-------+----------+-------------------------------------------
     0 | D:1      | MacCMillion the Ghoul Fighter began the quest for the Orb.
     0 | D:1      | Reached XP level 1. HP: 19/19 MP: 0/0
    96 | D:1      | Reached skill level 2 in Axes
   200 | D:1      | Reached XP level 2. HP: 26/26 MP: 1/1
   776 | D:2      | Reached XP level 3. HP: 28/31 MP: 2/2
   997 | D:2      | Found a bloodstained altar of Trog.
  1103 | D:2      | Reached skill level 3 in Axes
  1103 | D:2      | Reached XP level 4. HP: 32/38 MP: 3/3
  1730 | D:3      | Found a faded altar of an unknown god.
  1983 | D:3      | Noticed Jessica
  1987 | D:3      | Killed Jessica
  1988 | D:3      | Reached XP level 5. HP: 38/45 MP: 4/4
  2176 | D:4      | You fall into a shaft and drop 1 floor!
  2176 | D:5      | Entered Level 5 of the Dungeon
  2229 | D:5      | Reached skill level 4 in Axes
  2313 | D:5      | Noticed a centaur
  2325 | D:5      | Killed a centaur
  2326 | D:5      | Reached XP level 6. HP: 6/51 MP: 5/5
  2327 | D:5      | Reached skill level 5 in Axes
  2583 | D:5      | Slain by an ogre

Illustrated notes

Levels and vault maps discovered:
D:1:      dpeg_arrival_orchard, layout_basic, minmay_heptomino_d4
D:2:      layout_basic, basic_altar
D:3:      layout_rooms, basic_ecumenical_altar, uniq_jessica
D:4:      layout_loops_ring, minivault_4, minmay_a_box_with_orc_wizards_in_it,
          uniq_menkaure, uniq_pikel, uniq_grinder
D:5:      layout_cave_pods, xom_teletrap_fun, serial_column_ruins,
          column_ruins_square_medium, column_ruins_square_medium,
          column_ruins_corridor_corner, column_ruins_open_large,
          column_ruins_open_tiny, column_ruins_grid_3, column_ruins_open_tiny,
          hangedman_decor_push

Skill      XL: |  1  2  3  4  5  6 |
---------------+-------------------+-----
Axes           | 2 3 4 5 |  5.3
Shields        | 3 4 |  4.0
Fighting       | |  3.2
Armour         | |  2.6

Action                     |  1- 3 |  4- 6 || total
---------------------------+-------+-------++-------
  Melee: War axe           |   109 |    83 ||   192
  Throw: Dart              |       |     5 ||     5
    Use: Potion            |       |     1 ||     1
 Armour: Scale mail        |    86 |    76 ||   162
  Dodge: Dodged            |    58 |    40 ||    98
  Block: Buckler           |    20 |    30 ||    50

Table legend: (Time is in decaauts)
 A = Elapsed time spent in this place.
 B = Non-inter-level travel time spent in this place.
 C = Inter-level travel time spent in this place.
 D = Time resting spent in this place.
 E = Time spent auto-exploring this place.
 F = Levels seen in this place.
 G = Mean time per level.
                   A        B        C        D        E       F      G
               +--------+--------+--------+--------+--------+-----+--------+
         Total |   2655 |   2557 |     98 |    218 |   1799 |   5 |  531.0 |
       Dungeon |   2655 |   2557 |     98 |    218 |   1799 |   5 |  531.0 |
               +--------+--------+--------+--------+--------+-----+--------+

Top non-repeatable levels by time:
     D:1: 780 daAuts
     D:2: 757 daAuts
     D:3: 694 daAuts
     D:5: 414 daAuts
     D:4: 8 daAuts
